 Dungeon Crawl Stone Soup version bcrawl-1.21.2-28-g2cb1824106 (webtiles) character file.

Game seed: 287459332110113563

67 MisterOstroum the Sneak (level 4, 0/27 HPs)
             Began as a Vine Stalker Archaeologist on Mar 6, 2020.
             Succumbed to a worker ant's poison
             ... on level 2 of the Dungeon.
             The game lasted 00:01:46 (971 turns).

MisterOstroum the Sneak (Vine Stalker Archaeologist) Turns: 971, Time: 00:01:47

Health: 0/27       AC:  8    Str: 15    XL:     4   Next: 16%
Magic:  5/5        EV: 12    Int: 14    God:
Gold:   47         SH:  0    Dex: 12    Spells: 3/3 levels left

rFire    . . .     SeeInvis .   j - +0 short sword
rCold    . . .     Gourm    .   (no shield)
rNeg     . . .     Faith    .   q - +0 ring mail
rPois    .         Spirit   .   c - +1 hat
rElec    .         Reflect  .   (no cloak)
rCorr    .         Harm     .   (no gloves)
MR       .....                  d - +1 pair of boots
Stlth    ++........             (no amulet)
HPRegen  0.49/turn              (no ring)
MPRegen  0.09/turn              (no ring)

@: lethally poisoned (0 -> -2)
A: fangs 2, regeneration 1, no potion heal 3, rot immunity, strong jaws
a: no special abilities


You were on level 2 of the Dungeon.
You were not hungry.

You visited 1 branch of the dungeon, and saw 2 of its levels.

You collected 47 gold pieces.

Inventory:

Hand Weapons
 a - a +0 whip
 j - a +0 short sword (weapon)
Missiles
 i - 263 arrows
 m - 259 stones (quivered)
Armour
 b - a +1 robe
 c - a +1 hat (worn)
 d - a +1 pair of boots (worn)
 q - a +0 ring mail (worn)
Scrolls
 g - a scroll of magic mapping {@r5 !r}
 h - a scroll of identify {unknown}
 k - a scroll of enchant weapon {unknown}
 n - a scroll of remove curse {unknown}
 o - a scroll of teleportation {unknown}
Miscellaneous
 f - a dusty tome
Comestibles
 e - 6 rations {!d}
 p - 2 chunks of flesh


   Skills:
 + Level 2.3 Fighting
 * Level 1.9 Short Blades
 - Level 0.8 Maces & Flails
 + Level 3.3 Dodging
 - Level 4.4 Stealth


You had 3 spell levels left.
You didn't know any spells.
Your spell library was empty.

Dungeon Overview and Level Annotations

Branches:
Dungeon (2/12)

Altars:


Innate Abilities, Weirdness & Mutations

You have extremely sharp teeth.
Your natural rate of healing is unusually fast.
Potions cannot restore your health.
You are immune to rotting.
Your bites deal extra damage.


Message History

You are too injured to fight recklessly!
You are too injured to fight recklessly!
You are too injured to fight recklessly!
You are too injured to fight recklessly!
You are too injured to fight recklessly!
You are too injured to fight recklessly!
You are too injured to fight recklessly!
You are too injured to fight recklessly!
You are too injured to fight recklessly!
You are too injured to fight recklessly!
You are too injured to fight recklessly!
You are too injured to fight recklessly!
You are too injured to fight recklessly!
The hobgoblin hits you.
* * * LOW HITPOINT WARNING * * *
The kobold closely misses you. The kobold hits you but does no damage.
The kobold barely misses you. The hobgoblin barely misses you.
Found 111 bolts.
You see here a scroll labeled CAPNAWN APHYO.
Found a ration.
You see here 111 bolts.
You see here a ration {!d}.
Okay, then.
It was a potion of curing.
That felt strangely inert.
The kobold closely misses you.
You hit the kobold.
The kobold is moderately wounded.
The kobold hits you but does no damage.
You barely miss the kobold.
The kobold is moderately wounded.
The kobold hits you but does no damage.
You hit the kobold.
You kill the kobold!
You hit the worker ant.
The worker ant is heavily wounded.
The worker ant bites you.
Unknown command.
Unknown command.
The worker ant bites you but does no damage.
Evoke which item? (* to show all) (? for menu, Esc to quit)
Okay, then.
You hit the worker ant.
The worker ant is heavily wounded.
The worker ant completely misses you.
You barely miss the worker ant.
The worker ant is heavily wounded.
The worker ant bites you but does no damage.
You hit the worker ant but do no damage.
You bite the worker ant.
The worker ant is severely wounded.
The worker ant bites you but does no damage.
You barely miss the worker ant.
The worker ant is severely wounded.
The worker ant barely misses you. x2
You hit the worker ant but do no damage.
The worker ant is severely wounded.
The worker ant bites you.
You are poisoned.
The worker ant poisons you!
You barely miss the worker ant.
The worker ant is severely wounded.
You feel sick.
The worker ant bites you but does no damage.
You hit the worker ant but do no damage.
Your bite misses the worker ant.
The worker ant is severely wounded.
You feel sick. The worker ant misses you.
You closely miss the worker ant. You bite the worker ant.
The worker ant is almost dead.
The worker ant bites you but does no damage.
You hit the worker ant.
The worker ant is almost dead.
The worker ant bites you.
You are more poisoned.
The worker ant poisons you! The worker ant bites you.
* * * LOW HITPOINT WARNING * * *
You are lethally poisoned!
The worker ant poisons you!
You closely miss the worker ant.
The worker ant is almost dead.
* * * LOW HITPOINT WARNING * * *
You feel sick. The worker ant closely misses you.
You hit the worker ant.
You kill the worker ant!
You have reached level 4!
You feel stronger.
* * * LOW HITPOINT WARNING * * *
You feel sick.
* * * LOW HITPOINT WARNING * * *
You feel sick.
* * * LOW HITPOINT WARNING * * *
You feel sick.
* * * LOW HITPOINT WARNING * * *
You feel sick.
* * * LOW HITPOINT WARNING * * *
You feel sick.
* * * LOW HITPOINT WARNING * * *
You feel sick.
You die...

#.# ##.##
#...########+#######
#.รท.##.............#
#....#.............#
#....#.............#
#....#......#......#
#...##....##.##....#
#....#...@#...#....#
#....'...#.?#%.#...+
#..)##....#g(.#....#
#....#....##.##....#
####.#......#......#
#.#..)..........#
#.#.............#
#.#..?..........#
#.#######+#######


You could see a hobgoblin.

Vanquished Creatures
  A worker ant (D:2)
  A worm (D:1)
  A dart slug (D:2)
  2 leopard geckos
  3 bats
  7 hobgoblins
  4 jackals (D:1)
  2 quokkas
  2 frilled lizards
  6 kobolds
  3 rats
32 creatures vanquished.

Notes
Turn   | Place    | Note
-------+----------+-------------------------------------------
     0 | D:1      | MisterOstroum the Vine Stalker Archaeologist began the
                  | quest for the Orb.
     0 | D:1      | Reached XP level 1. HP: 11/11 MP: 2/2
    13 | D:1      | Reached skill level 1 in Fighting
    66 | D:1      | Reached XP level 2. HP: 17/17 MP: 3/3
   378 | D:1      | Reached skill level 1 in Short Blades
   476 | D:1      | Reached XP level 3. HP: 21/21 MP: 4/4
   965 | D:2      | Reached XP level 4. HP: 6/27 MP: 5/5
   969 | D:2      | HP: 1/27 [poisoned by a worker ant]
   971 | D:2      | Succumbed to a worker ant's poison

Skill      XL: |  1  2 |
---------------+-------+-----
Fighting       | 1 2 |  2.3
Short Blades   | 1 |  1.9
Maces & Flails | |  0.8
Dodging        | |  3.3
Stealth        | |  4.4

Action                   |  1- 3 |  4- 6 || total
-------------------------+-------+-------++-------
Melee: Whip              |    33 |       ||    33
       Short sword       |   118 |       ||   118
       Bite              |    11 |       ||    11
  Use: Potion            |     1 |       ||     1
 Stab: Sleeping          |     7 |       ||     7
Armor: Robe              |    43 |       ||    43
       Ring mail         |    17 |       ||    17
Dodge: Dodged            |   125 |       ||   125
